 Dungeon Crawl Stone Soup version 0.27-a0-1140-g099f9bb0e8 (webtiles) character file.

Game seed: 11709658858453080944

98 HoaS the Bolt Thrower (level 5, -3/30 HPs)
             Began as a Kobold Hunter on May 9, 2021.
             Slain by a river rat (8 damage)
             ... on level 3 of the Dungeon.
             The game lasted 00:06:08 (3377 turns).

HoaS the Bolt Thrower (Kobold Hunter)               Turns: 3377, Time: 00:06:09

Health: -3/30      AC:  9    Str: 10    XL:     5   Next: 0%
Magic:  5/5        EV: 13    Int: 12    God:
Gold:   101        SH:  0    Dex: 16    Spells: 4/4 levels left

rFire    . . .     SeeInvis .   b - +0 short sword
rCold    . . .     Faith    .   (shield restricted)
rNeg     . . .     Spirit   .   j - +0 ring mail
rPois    .         Reflect  .   c - +0 helmet
rElec    .         Harm     .   k - +2 cloak
rCorr    .         Rampage  .   (no gloves)
Will     .....                  (no boots)
Stlth    +.........             (no amulet)
HPRegen  0.10/turn              (no ring)
MPRegen  0.09/turn              (no ring)

@: very slow
A: small, no large weapons, nightstalker 3
a: no special abilities


You were on level 3 of the Dungeon.
You visited 1 branch of the dungeon, and saw 3 of its levels.

You collected 101 gold pieces.

Inventory:

Hand Weapons
 a - a +1 hand crossbow
 b - a +0 short sword (weapon)
Missiles
 d - 47 bolts
Armour
 c - a +0 helmet (worn)
 j - a +0 ring mail (worn)
 k - a +2 cloak (worn)
Scrolls
 e - 2 scrolls of identify
Potions
 f - a potion of flight {unknown}
 h - a potion of haste


   Skills:
 - Level 2.1 Fighting
 + Level 3.7 Short Blades
 + Level 6.1 Crossbows
 - Level 2.4 Dodging
 - Level 1.3 Stealth


You had 4 spell levels left.
You didn't know any spells.
Your spell library was empty.

Dungeon Overview and Level Annotations

Branches:
Dungeon (3/15)

Altars:

Portals:
Sewer: D:3


Innate Abilities, Weirdness & Mutations

You are small and have problems with some larger weapons.
You are completely attuned to the shadows.


Message History

You feel sick. The adder bites you but does no damage.
You miss the adder.
The adder is almost dead.
You feel sick. The adder bites you but does no damage.
You hit the adder.
You kill the adder!
You feel sick.
Your unstable footing causes you to fumble your attack.
You feel sick.
You feel sick.
You are no longer poisoned.
You see here an adder corpse.
A quokka comes into view.
A river rat comes into view.
Found a glowing drain.
The helpless quokka fails to defend itself.
You puncture the quokka!
You kill the quokka!
The river rat misses you.
You have reached level 5!
You feel agile.
Your unstable footing causes you to fumble your attack.
The river rat completely misses you.
You hit the river rat but do no damage. The river rat closely misses you.
You barely miss the river rat.
The river rat bites you but does no damage.
Your unstable footing causes you to fumble your attack.
The river rat barely misses you.
Your unstable footing causes you to fumble your attack.
The river rat bites you.
* * * LOW HITPOINT WARNING * * *
You barely miss the river rat.
Your unstable footing causes you to fumble your attack.
The river rat bites you but does no damage.
You hit the river rat.
The river rat is moderately wounded.
The river rat bites you but does no damage.
Your unstable footing causes you to fumble your attack.
The river rat bites you!
You die...

####.#...# ###...
#### #### #.#####
*### ##≈≈####≈≈###.#
#≈≈≈≈≈≈≈≈≈†...#****
##≈≈####≈≈##.....,*
#≈##≈≈##########,*
#≈#≈≈≈≈≈≈# *<*,***
#†#≈∩≈≈r†# *,,,,,*
#≈##≈≈##@# ***,*,*
##≈≈####≈≈## *,,,,,*
#≈≈≈≈≈≈≈≈≈≈# *,*,,,*
##≈≈####≈≈##***,***,*
####* ####,,,,,* *,*
*,**************,*
*,**,,,,**,,,,,,,*
*,,,,**,**,*******
****,*,,,,,*


You could see a river rat.

Vanquished Creatures
  3 adders
  A river rat (D:3)
  2 worms (D:2)
  A dart slug (D:1)
  3 ball pythons
  5 endoplasms
  3 giant cockroaches
  8 goblins
  4 hobgoblins (D:1)
  3 jackals (D:1)
  4 kobolds
  2 quokkas
  4 bats
  4 frilled lizards
  5 rats
52 creatures vanquished.

Notes
Turn   | Place    | Note
-------+----------+-------------------------------------------
     0 | D:1      | HoaS the Kobold Hunter began the quest for the Orb.
     0 | D:1      | Reached XP level 1. HP: 12/12 MP: 1/1
    34 | D:1      | Reached skill level 1 in Short Blades
    34 | D:1      | Reached skill level 5 in Crossbows
   352 | D:1      | Reached XP level 2. HP: 17/17 MP: 2/2
   710 | D:1      | Reached XP level 3. HP: 14/21 MP: 3/3
  2181 | D:2      | Reached XP level 4. HP: 23/26 MP: 4/4
  3345 | D:3      | Reached skill level 6 in Crossbows
  3367 | D:3      | Found a glowing drain.
  3369 | D:3      | Reached XP level 5. HP: 6/30 MP: 5/5
  3377 | D:3      | Slain by a river rat

Illustrated notes

Levels and vault maps discovered:
D:1:      giann_horns, layout_basic, nrook_campfire
D:2:      layout_basic
D:3:      layout_basic, gup_sewer_entry_bubbles,
          hellmonk_ecumenical_altar_crossroads

Skill      XL: |  1  2  3  4 |
---------------+-------------+-----
Short Blades   | 1 2 3 |  3.7
Crossbows      | 5 6 |  6.1
Fighting       | |  2.1
Dodging        | |  2.4
Stealth        | |  1.3

Action                   |  1- 3 |  4- 6 || total
-------------------------+-------+-------++-------
Melee: Short sword       |   119 |    92 ||   211
  Use: Scroll            |       |     7 ||     7
 Stab: Sleeping          |    13 |     8 ||    21
Armor: Leather armour    |    13 |       ||    13
       Ring mail         |    10 |    24 ||    34
Dodge: Dodged            |    85 |    39 ||   124

Table legend: (Time is in decaauts)
 A = Elapsed time spent in this place.
 B = Non-inter-level travel time spent in this place.
 C = Inter-level travel time spent in this place.
 D = Time resting spent in this place.
 E = Time spent auto-exploring this place.
 F = Levels seen in this place.
 G = Mean time per level.
                   A        B        C        D        E       F      G
               +--------+--------+--------+--------+--------+-----+--------+
         Total |   3384 |   3289 |     95 |   1136 |   1651 |   3 | 1128.0 |
       Dungeon |   3384 |   3289 |     95 |   1136 |   1651 |   3 | 1128.0 |
               +--------+--------+--------+--------+--------+-----+--------+

Top non-repeatable levels by time:
     D:1: 1722 daAuts
     D:2: 1463 daAuts
     D:3: 199 daAuts
